Description

Blink Stalker

Replay - Neeb v Stats: Game 1 - Newkirk Precinct TE (Void)

Build Order

Get SALT Encoding   

  14  0:17  Pylon  
  16  0:37  Gateway  
  16  0:42  Assimilator  
  17  0:52  Assimilator  
  18  1:08  Gateway  
  20  1:24  Cybernetics Core  
  20  1:32  Pylon  
  23  1:57  Warp Gate  
  23  2:00  Adept x2  
  23  2:01  Mothership Core (Chrono Boost)  
  29  2:27  Adept x2  
  33  2:47  Nexus  
  33  2:59  Stalker  
  35  3:23  Twilight Council  
  35  3:31  Sentry x2  
  41  3:53  Blink  
  43  4:09  Robotics Facility  
  43  4:29  Sentry, Stalker  
  51  4:52  Stalker x2  
  51  4:57  Assimilator x2  
  51  4:59  Observer  
  59  5:17  Observer  
  62  5:33  Immortal  
  62  5:35  Gateway  
  62  5:36  Forge  
  66  5:44  Gateway  
  66  5:53  Robotics Bay  
  66  5:56  Stalker  
  68  6:00  Protoss Ground Weapons Level 1  
  68  6:09  Immortal  
  72  6:22  Stalker x2  
  76  6:29  Nexus  
  76  6:43  Disruptor  
  76  6:52  Stalker x3  
  91  7:14  Disruptor  
  103  7:51  Assimilator x2  
  109  8:27  Disruptor  
  117  8:59  Warp Prism, Robotics Facility  
Spawning Tool Build Advisor. Get it on Overwolf

Go to:

Details

  • Created by: Nelsquik
  • Published on: May 06, 2017
  • Modified on: May 11, 2017
  • Patch: 3.8.0
Show
View Real Time Build Order
Export as new Build Order

Comments (0)

There are no comments. Be the first!

Create an account to comment!